 Dungeon Crawl Stone Soup version 0.31-a0-177-g4aa6249778 (webtiles) character file.

Game seed: 18347521820571412187

491 MacCMillion the Chiller (level 7, -2/51 HPs)
             Began as a Gnoll Ice Elementalist on June 19, 2023.
             Slain by Blork the orc
             ... wielding a +0 glaive
              (11 damage)
             ... on level 4 of the Dungeon.
             The game lasted 00:06:33 (3331 turns).

MacCMillion the Chiller (Gnoll Ice Elementalist)    Turns: 3331, Time: 00:06:33

Health: -2/51      AC:  9    Str:  8    XL:     7   Next: 14%
Magic:  0/15       EV: 13    Int: 16    God:
Gold:   209        SH:  0    Dex: 12    Spells: 10/17 levels left

rFire   . . .        g - +0 dagger
rCold   . . .        (no shield)
rNeg    . . .        t - +0 leather armour
rPois   .            q - +0 helmet
rElec   .            (no cloak)
rCorr   .            (no gloves)
SInv    .            (no boots)
Will    .....        (no amulet)
Stlth   ++           (no ring)
HPRegen 0.28/turn    (no ring)
MPRegen 0.14/turn

%: no passive effects
@: ice-armoured
A: fangs 1, strong nose, distributed training
a: no special abilities


You were on level 4 of the Dungeon.
You visited 1 branch of the dungeon, and saw 4 of its levels.

You collected 209 gold pieces.

Inventory:

Hand Weapons
 g - a +0 dagger (weapon)
 i - a +0 long sword of flaming
Missiles
 p - 2 throwing nets
Armour
 a - a +0 robe
 q - a +0 helmet (worn)
 t - a +0 leather armour (worn)
Scrolls
 c - a scroll of teleportation {unknown}
 d - a scroll of summoning {unknown}
 k - 3 scrolls of fear {unknown}
 l - a scroll of poison {unknown}
 r - a scroll of immolation {unknown}
 s - a scroll of vulnerability {unknown}
 u - a scroll of fog {unknown}
Potions
 b - a potion of magic
 e - a potion of enlightenment
 f - a potion of heal wounds
 h - a potion of berserk rage
 j - 2 potions of degeneration {unknown}
 m - 2 potions of curing {unknown}
 n - a potion of invisibility {unknown}
 o - a potion of lignification {unknown}


   Skills:
 + Level 2.4 Fighting
 + Level 2.4 Short Blades
 + Level 2.4 Long Blades
 + Level 2.4 Axes
 + Level 2.4 Maces & Flails
 + Level 2.4 Polearms
 + Level 2.4 Staves
 + Level 2.4 Ranged Weapons
 + Level 2.4 Throwing
 + Level 2.4 Armour
 + Level 5.2 Dodging
 + Level 4.8 Stealth
 + Level 2.4 Shields
 + Level 2.4 Unarmed Combat
 + Level 5.6 Spellcasting
 + Level 2.0 Conjurations
 + Level 2.0 Hexes
 + Level 2.0 Summonings
 + Level 2.0 Necromancy
 + Level 2.0 Translocations
 + Level 2.0 Transmutations
 + Level 2.0 Fire Magic
 + Level 7.4 Ice Magic
 + Level 2.0 Air Magic
 + Level 2.0 Earth Magic
 + Level 2.0 Poison Magic
 + Level 2.6 Invocations
 + Level 2.4 Evocations


You had 10 spell levels left.
You knew the following spells:

 Your Spells              Type           Power      Damage    Failure   Level
a - Freeze                Ice            100%       1d10      1%          1
b - Frozen Ramparts       Ice            56%        1d9       3%          3
c - Ozocubu's Armour      Ice            28%        N/A       3%          3

Your spell library contained the following spells:

 Spells                   Type           Power      Damage    Failure   Level
 Shock                    Conj/Air       40%        1d5       9%          1
 Swiftness                Air            10%        N/A       26%         3
 Summon Ice Beast         Ice/Summ       19%        N/A       28%         4
 Airstrike                Air            5%         2d(1-17)  65%         4


Dungeon Overview and Level Annotations

Branches:
Dungeon (4/15)
 Temple: D:4-7

Altars:
Xom

Annotations:
D:4 Blork the orc


Innate Abilities, Weirdness & Mutations

You have very sharp teeth.
Your uncanny sense of smell can sniff out nearby items.
Your experience applies equally to all skills.


Message History

Blork the orc is heavily wounded.
The wall freezes Blork the orc.
Blork the orc hits you with a +0 glaive.
You freeze Blork the orc.
Blork the orc is severely wounded.
The frozen ramparts melt away.
Blork the orc mumbles some strange words.
Blork the orc seems to speed up.
You freeze Blork the orc.
Blork the orc is almost dead.
Blork the orc screams, "I'll rip your head off!"
Blork the orc gestures at you while chanting.
The puff of frost hits you!
Blork the orc hits you but does no damage.
Casting: Freeze (safe; 1% risk of failure)
Confirm with . or Enter, or press ? or * to list all spells.
You don't have enough magic to cast this spell.
Unknown command.
You barely miss Blork the orc.
Blork the orc is almost dead.
Blork the orc points at you and mumbles some strange words.
The puff of frost hits you!
You are too injured to fight recklessly!
You are too injured to fight recklessly!
Aiming: Freeze (safe; 1% risk of failure)
Press: ? - help, Q - select action, (/) - cycle Shift-Dir - straight line, f/p - Blork the orc
Aim: Blork the orc, wielding a +0 glaive and wearing a +0 robe (almost dead, fast)
You freeze Blork the orc.
Blork the orc is almost dead.
Blork the orc hits you with a +0 glaive!
* * * LOW HITPOINT WARNING * * *
Aiming: Freeze (safe; 1% risk of failure)
Press: ? - help, Q - select action, (/) - cycle Shift-Dir - straight line, f/p - Blork the orc
Aim: Blork the orc, wielding a +0 glaive and wearing a +0 robe (almost dead, fast)
You freeze Blork the orc.
Blork the orc is almost dead.
Blork the orc hits you with a +0 glaive.
* * * LOW HITPOINT WARNING * * *
Blork the orc hits you with a +0 glaive!
You die...

######.#.##)######
#......#.........#
#................#
#................#
#..................
##...............##
###...............#
#.................#
.>#....)@.......###
# #####o#####.#.#
#...)).....#.#
##......##..
+.....o# #.[....#
≈≈≈≈≈... ..~~......
#..........#


You could see Blork the orc (fast).

Vanquished Creatures
  Sigmund (D:2)
  A black bear (D:3)
  A scorpion (D:4)
  Terence (D:2)
  An orc wizard (D:4)
  3 gnolls (D:3)
  3 adders
  2 worms
  2 dart slugs
  7 orcs
  7 ball pythons
  4 bats
  7 endoplasms
  2 giant cockroaches
  6 goblins
  A hobgoblin (D:3)
  4 jackals (D:1)
  5 kobolds
  A quokka (D:1)
  7 frilled lizards
  5 rats
71 creatures vanquished.

Notes
Turn   | Place    | Note
-------+----------+-------------------------------------------
     0 | D:1      | MacCMillion the Gnoll Ice Elementalist began the quest for
                  | the Orb.
     0 | D:1      | Reached XP level 1. HP: 13/13 MP: 6/6
   132 | D:1      | Reached XP level 2. HP: 19/19 MP: 2/7
   527 | D:1      | Found a faded altar of an unknown god.
   650 | D:1      | Reached skill level 5 in Spellcasting
   650 | D:1      | Reached XP level 3. HP: 22/25 MP: 4/9
   997 | D:2      | Reached skill level 1 in Invocations
  1128 | D:2      | Learned a level 3 spell: Frozen Ramparts
  1132 | D:2      | Learned a level 3 spell: Ozocubu's Armour
  1196 | D:2      | Found a shimmering altar of Xom.
  1238 | D:2      | Noticed Sigmund
  1246 | D:2      | Reached skill level 1 in Fighting
  1246 | D:2      | Reached skill level 1 in Short Blades
  1246 | D:2      | Reached skill level 1 in Long Blades
  1246 | D:2      | Reached skill level 1 in Axes
  1246 | D:2      | Reached skill level 1 in Maces & Flails
  1246 | D:2      | Reached skill level 1 in Polearms
  1246 | D:2      | Reached skill level 1 in Staves
  1246 | D:2      | Reached skill level 1 in Ranged Weapons
  1246 | D:2      | Reached skill level 1 in Throwing
  1246 | D:2      | Reached skill level 1 in Armour
  1246 | D:2      | Reached skill level 1 in Shields
  1246 | D:2      | Reached skill level 1 in Unarmed Combat
  1246 | D:2      | Reached skill level 1 in Evocations
  1522 | D:2      | Killed Sigmund
  1523 | D:2      | Reached skill level 1 in Conjurations
  1523 | D:2      | Reached skill level 1 in Hexes
  1523 | D:2      | Reached skill level 1 in Summonings
  1523 | D:2      | Reached skill level 1 in Necromancy
  1523 | D:2      | Reached skill level 1 in Translocations
  1523 | D:2      | Reached skill level 1 in Transmutations
  1523 | D:2      | Reached skill level 1 in Fire Magic
  1523 | D:2      | Reached skill level 1 in Air Magic
  1523 | D:2      | Reached skill level 1 in Earth Magic
  1523 | D:2      | Reached skill level 1 in Poison Magic
  1523 | D:2      | Reached XP level 4. HP: 14/33 MP: 1/11
  1523 | D:2      | Reached XP level 5. HP: 16/38 MP: 1/12
  1701 | D:2      | Noticed Terence
  1725 | D:2      | Killed Terence
  1726 | D:2      | Reached XP level 6. HP: 35/44 MP: 4/13
  2161 | D:3      | Reached skill level 5 in Dodging
  2673 | D:3      | Noticed a black bear
  2696 | D:3      | Killed a black bear
  2939 | D:3      | Identified the +2 ring mail of Rakuj {rPois rF+ Will-}
  3029 | D:4      | Reached XP level 7. HP: 51/51 MP: 15/15
  3313 | D:4      | Noticed Blork the orc
  3331 | D:4      | Slain by Blork the orc

Illustrated notes

Levels and vault maps discovered:
D:1:      psy_arrival_conway, layout_basic, shapermc_ecumenical_altar_ellora,
          st_stairs_6
D:2:      layout_rooms, basic_altar, uniq_sigmund, uniq_terence
D:3:      layout_basic, kennysheep_generic_room_7
D:4:      layout_basic, zin_treasury, cheibriados_altar_1, serial_rivers,
          chequers_serial_rivers_micro_a, chequers_serial_rivers_micro_e,
          chequers_serial_rivers_micro_c, chequers_serial_rivers_micro_d,
          chequers_serial_rivers_micro_c, chequers_serial_rivers_micro_c,
          ebering_ghost_sewer_f, serial_park_tiny_2, uniq_blork_the_orc,
          uniq_crazy_yiuf_cottage

Skill      XL: |  1  2  3  4  5  6  7 |
---------------+----------------------+-----
Spellcasting   | 5 |  5.6
Invocations    | 1 2 |  2.6
Fighting       | 1 2 |  2.4
Short Blades   | 1 2 |  2.4
Long Blades    | 1 2 |  2.4
Axes           | 1 2 |  2.4
Maces & Flails | 1 2 |  2.4
Polearms       | 1 2 |  2.4
Staves         | 1 2 |  2.4
Ranged Weapons | 1 2 |  2.4
Throwing       | 1 2 |  2.4
Armour         | 1 2 |  2.4
Shields        | 1 2 |  2.4
Unarmed Combat | 1 2 |  2.4
Evocations     | 1 2 |  2.4
Conjurations   | 1 2 |  2.0
Hexes          | 1 2 |  2.0
Summonings     | 1 2 |  2.0
Necromancy     | 1 2 |  2.0
Translocations | 1 2 |  2.0
Transmutations | 1 2 |  2.0
Fire Magic     | 1 2 |  2.0
Air Magic      | 1 2 |  2.0
Earth Magic    | 1 2 |  2.0
Poison Magic   | 1 2 |  2.0
Dodging        | 5 |  5.2
Stealth        | |  4.8
Ice Magic      | |  7.4

Action                     |  1- 3 |  4- 6 |  7- 9 || total
---------------------------+-------+-------+-------++-------
  Melee: Dagger            |    16 |    28 |     6 ||    50
         Unarmed           |     1 |       |       ||     1
         Bite              |       |     2 |       ||     2
         Punch             |       |     1 |       ||     1
   Cast: Freeze            |    37 |    10 |    12 ||    59
         Frozen Ramparts   |     3 |     7 |     5 ||    15
         Ozocubu's Armour  |     2 |     6 |     4 ||    12
    Use: Potion            |     2 |       |       ||     2
   Stab: Sleeping          |     4 |     8 |       ||    12
         Distracted        |       |     1 |       ||     1
 Armour: Robe              |    12 |    11 |       ||    23
         Leather armour    |       |     1 |     5 ||     6
  Dodge: Dodged            |    35 |    22 |     8 ||    65

Table legend: (Time is in decaauts)
 A = Elapsed time spent in this place.
 B = Non-inter-level travel time spent in this place.
 C = Inter-level travel time spent in this place.
 D = Time resting spent in this place.
 E = Time spent auto-exploring this place.
 F = Levels seen in this place.
 G = Mean time per level.
                   A        B        C        D        E       F      G
               +--------+--------+--------+--------+--------+-----+--------+
         Total |   3338 |   3251 |     87 |    771 |   1854 |   4 |  834.5 |
       Dungeon |   3338 |   3251 |     87 |    771 |   1854 |   4 |  834.5 |
               +--------+--------+--------+--------+--------+-----+--------+

Top non-repeatable levels by time:
     D:1: 1210 daAuts
     D:3: 1031 daAuts
     D:2: 886 daAuts
     D:4: 210 daAuts
